3A-
FLINT CRUSH @ MAINE SEA DOGS
07/27/2050
 
TOP OF THE 1ST
Flint Crush batting - Pitching for Maine Sea Dogs : RHP John Miller
Pitching: RHP John Miller
Batting: LHB Pedro González 0-0: Called Strike
0-1: Foul Ball, location: 2F
0-2: Ball
1-2: Fly out, F4 (Popup, 23, EV 90.6 MPH)
Batting: RHB Jesús Rivera 0-0: SINGLE (Line Drive, 8RS, EV 99.4 MPH)
Batting: RHB Eugene Murphy 0-0: Swinging Strike
0-1: Foul Ball, location: 2F
0-2: Ball
1-2: Strikes out swinging
Batting: LHB Guillermo Pacheco 0-0: Foul Ball, location: 2F
0-1: Ball
1-1: Ball
2-1: Foul Ball, location: 2F
2-2: Ball
3-2: Foul Ball, location: 2F
3-2: Strikes out swinging
Top of the 1st over - 0 runs, 1 hit, 0 errors, 1 left on base; Flint 0 - Maine 0
BOTTOM OF THE 1ST
Maine Sea Dogs batting - Pitching for Flint Crush : RHP Jorge Madrigal
Pitching: RHP Jorge Madrigal
Batting: RHB Hokusai Suzuki 0-0: Swinging Strike
0-1: Swinging Strike
0-2: Ball
1-2: Fly out, F3 (Line Drive, 3, EV 67.5 MPH)
Batting: RHB Su-shun Hung 0-0: Foul Ball, location: 2F
0-1: Ball
1-1: SOLO HOME RUN (Flyball, 78XD, EV 100.6 MPH), Distance : 386 ft
Batting: RHB José Estevo 0-0: Fly out, F8 (Flyball, 8RM, EV 85.6 MPH)
Batting: RHB Albert Cruz 0-0: Swinging Strike
0-1: Ball
1-1: Called Strike
1-2: Strikes out swinging
Bottom of the 1st over - 1 run, 1 hit, 0 errors, 0 left on base; Flint 0 - Maine 1
TOP OF THE 2ND
Flint Crush batting - Pitching for Maine Sea Dogs : RHP John Miller
Batting: RHB Grady Livingston 0-0: Called Strike
0-1: Swinging Strike
0-2: Ball
1-2: Foul Ball, location: 2F
1-2: Ball
2-2: Ball
3-2: Base on Balls
Batting: LHB Harry Kelly 0-0: Foul Ball, location: 2F
0-1: Ball
1-1: Ball
2-1: Fielders Choice at 2nd, 1-6 (Groundball, 13S, EV 66.9 MPH)
Batting: RHB Raúl Ayala 0-0: Called Strike
0-1: Ball
1-1: Swinging Strike
1-2: Foul Ball, location: 2F
1-2: DOUBLE (Line Drive, 9LM, EV 99.4 MPH)
Harry Kelly to third
Runner from 3rd tries for Home, SAFE, throw by RF to home
Batting: LHB Alfonso Coronado 0-0: Foul Ball, location: 2F
0-1: Ground out 5-3 (Groundball, 56S, EV 85.6 MPH)
Batting: RHB Brandon Norris 0-0: Ball
1-0: SINGLE (Groundball, 34D, EV 96.9 MPH)
Raúl Ayala to third
Runner from 3rd tries for Home, SAFE, throw by RF to home
Brandon Norris to second
Batting: LHB Pedro González 0-0: Called Strike
0-1: Reached via error on a dropped throw from 2B, E3 (Groundball, 4, EV 91.9 MPH)
Brandon Norris to third
Batting: RHB Jesús Rivera 0-0: Ball
1-0: Fielders Choice at 2nd, 6-4 (Groundball, 6, EV 102.5 MPH)
Top of the 2nd over - 2 runs, 2 hits, 1 error, 2 left on base; Flint 2 - Maine 1
BOTTOM OF THE 2ND
Maine Sea Dogs batting - Pitching for Flint Crush : RHP Jorge Madrigal
Batting: RHB Carlos Serrano 0-0: Called Strike
0-1: Foul Ball, location: 2F
0-2: SINGLE (Groundball, 6, EV 96.2 MPH)
Batting: RHB Amberlan Daquigan 0-0: Ball
1-0: Ball
2-0: SINGLE (Groundball, 56, EV 96.2 MPH) (infield hit)
Carlos Serrano to second
Batting: RHB Lex Munten 0-0: Called Strike
0-1: Ball
1-1: Called Strike
1-2: Foul Ball, location: 2F
1-2: Strikes out swinging
Batting: RHB Bill Benson 0-0: Foul Ball, location: 2F
0-1: Ball
Wild Pitch!
Carlos Serrano to third
Amberlan Daquigan to second
1-1: Fly out, F3 (Popup, 3, EV 60.0 MPH)
Batting: RHB Jesús Martínez 0-0: Ground out 1-3 (Groundball, 13S, EV 69.4 MPH)
Bottom of the 2nd over - 0 runs, 2 hits, 0 errors, 2 left on base; Flint 2 - Maine 1
TOP OF THE 3RD
Flint Crush batting - Pitching for Maine Sea Dogs : RHP John Miller
Batting: RHB Eugene Murphy 0-0: Called Strike
0-1: Fly out, F7 (Flyball, 78S, EV 93.1 MPH)
Batting: LHB Guillermo Pacheco 0-0: Called Strike
0-1: Ball
1-1: Foul Ball, location: 2F
1-2: DOUBLE (Line Drive, 9LM, EV 97.5 MPH)
Batting: RHB Grady Livingston 0-0: Ball
1-0: Ball
2-0: Ground out 5-3 (Groundball, 56S, EV 90.0 MPH)
Batting: LHB Harry Kelly 0-0: TRIPLE (Flyball, 89XD, EV 103.1 MPH)
Guillermo Pacheco scores
Batting: RHB Raúl Ayala 0-0: Ball
1-0: Ball
2-0: Fly out, F6 (Line Drive, 6M, EV 68.1 MPH)
Top of the 3rd over - 1 run, 2 hits, 0 errors, 1 left on base; Flint 3 - Maine 1
BOTTOM OF THE 3RD
Maine Sea Dogs batting - Pitching for Flint Crush : RHP Jorge Madrigal
Batting: RHB Hokusai Suzuki 0-0: Ball
1-0: Called Strike
1-1: Ball
2-1: Foul Ball, location: 2F
2-2: Foul Ball, location: 2F
2-2: Ground out U3 (Groundball, 34, EV 90.0 MPH)
Batting: RHB Su-shun Hung 0-0: Ball
1-0: Ball
2-0: Ball
3-0: Swinging Strike
3-1: Base on Balls
Batting: RHB José Estevo 0-0: Ball
1-0: SINGLE (Groundball, 56D, EV 100.0 MPH)
Su-shun Hung to second
Batting: RHB Albert Cruz 0-0: Fly out, F6 (Popup, 6MD, EV 48.1 MPH)
Batting: RHB Carlos Serrano 0-0: Swinging Strike
0-1: Fielders Choice at 2nd, 6-4 (Groundball, 6, EV 110.6 MPH)
Bottom of the 3rd over - 0 runs, 1 hit, 0 errors, 2 left on base; Flint 3 - Maine 1
TOP OF THE 4TH
Flint Crush batting - Pitching for Maine Sea Dogs : RHP John Miller
Batting: LHB Alfonso Coronado 0-0: Called Strike
0-1: Ball
1-1: Ball
2-1: Foul Ball, location: 2F
2-2: Foul Ball, location: 2F
2-2: Ground out 4-3 (Groundball, 4, EV 93.8 MPH)
Batting: RHB Brandon Norris 0-0: Foul Ball, location: 2F
0-1: Ball
1-1: Ball
2-1: Foul Ball, location: 2F
2-2: Ball
3-2: Foul Ball, location: 2F
3-2: Foul Ball, location: 2F
3-2: Base on Balls
Batting: LHB Pedro González 0-0: Called Strike
0-1: Swinging Strike
0-2: Strikes out looking
Batting: RHB Jesús Rivera 0-0: Called Strike
0-1: Swinging Strike
0-2: Ball
1-2: Strikes out swinging
Top of the 4th over - 0 runs, 0 hits, 0 errors, 1 left on base; Flint 3 - Maine 1
BOTTOM OF THE 4TH
Maine Sea Dogs batting - Pitching for Flint Crush : RHP Jorge Madrigal
Batting: RHB Amberlan Daquigan 0-0: Called Strike
0-1: Fly out, F8 (Flyball, 8LXD, EV 100.0 MPH)
Batting: RHB Lex Munten 0-0: SINGLE (Groundball, 6MD, EV 111.2 MPH)
Batting: RHB Bill Benson 0-0: Fly out, F8 (Flyball, 8LXD, EV 82.5 MPH)
Batting: RHB Jesús Martínez 0-0: Ball
1-0: Called Strike
1-1: Foul Ball, location: 2F
1-2: DOUBLE (Line Drive, 7LD, EV 105.6 MPH)
Lex Munten to third
Runner from 3rd tries for Home, SAFE, no throw by LF
Batting: RHB Hokusai Suzuki 0-0: SINGLE (Groundball, 4S, EV 100.0 MPH)
Jesús Martínez to third
Runner from 3rd tries for Home, SAFE, throw by CF to home
Batting: RHB Su-shun Hung 0-0: Ball
1-0: Ball
2-0: Ball
3-0: Called Strike
3-1: Swinging Strike
3-2: Foul Ball, location: 2F
3-2: Ground out 4-3 (Groundball, 4M, EV 91.9 MPH)
Bottom of the 4th over - 2 runs, 3 hits, 0 errors, 1 left on base; Flint 3 - Maine 3
TOP OF THE 5TH
Flint Crush batting - Pitching for Maine Sea Dogs : RHP John Miller
Batting: RHB Eugene Murphy 0-0: Called Strike
0-1: SINGLE (Groundball, 56S, EV 72.5 MPH) (infield hit)
Batting: LHB Guillermo Pacheco 0-0: Foul Ball, location: 2F
0-1: Ball
1-1: Foul Ball, location: 2F
1-2: Grounds into double play, 4-6-3 (Groundball, 4, EV 103.1 MPH)
Batting: RHB Grady Livingston 0-0: Fly out, F9 (Flyball, 9, EV 84.4 MPH)
Top of the 5th over - 0 runs, 1 hit, 0 errors, 0 left on base; Flint 3 - Maine 3
BOTTOM OF THE 5TH
Maine Sea Dogs batting - Pitching for Flint Crush : RHP Jorge Madrigal
Batting: RHB José Estevo 0-0: Ball
1-0: Foul Ball, location: 2F
1-1: Ground out 1-3 (Groundball, 34S, EV 62.5 MPH)
Batting: RHB Albert Cruz 0-0: Ball
1-0: Swinging Strike
1-1: Ball
2-1: Ball
3-1: Called Strike
3-2: Fly out, F3 (Popup, 3F, EV 56.9 MPH)
Batting: RHB Carlos Serrano 0-0: Ball
1-0: Ball
2-0: Called Strike
2-1: Ball
3-1: Foul Ball, location: 2F
3-2: Foul Ball, location: 2F
3-2: Foul Ball, location: 2F
3-2: Foul Ball, location: 2F
3-2: Foul Ball, location: 2F
3-2: Foul Ball, location: 2F
3-2: Foul Ball, location: 2F
3-2: Base on Balls
Batting: RHB Amberlan Daquigan 0-0: Ball
1-0: Ball
2-0: Foul Ball, location: 2F
2-1: Called Strike
2-2: Foul Ball, location: 2F
2-2: Strikes out swinging
Bottom of the 5th over - 0 runs, 0 hits, 0 errors, 1 left on base; Flint 3 - Maine 3
TOP OF THE 6TH
Flint Crush batting - Pitching for Maine Sea Dogs : RHP John Miller
Pitching: LHP Carlos Maldonado
Batting: LHB Harry Kelly 0-0: Ball
1-0: Ground out U3 (Groundball, 3S, EV 72.5 MPH)
Batting: RHB Raúl Ayala 0-0: Ball
1-0: DOUBLE (Flyball, 89D, EV 106.9 MPH)
Batting: LHB Alfonso Coronado 0-0: Called Strike
0-1: Ground out 6-3 (Groundball, 6S, EV 91.9 MPH)
Batting: RHB Brandon Norris 0-0: Foul Ball, location: 2F
0-1: Ball
1-1: Ball
2-1: Foul Ball, location: 2F
2-2: Ground out 5-3 (Groundball, 5, EV 89.4 MPH)
Top of the 6th over - 0 runs, 1 hit, 0 errors, 1 left on base; Flint 3 - Maine 3
BOTTOM OF THE 6TH
Maine Sea Dogs batting - Pitching for Flint Crush : RHP Jorge Madrigal
Batting: RHB Lex Munten 0-0: Fly out, F9 (Line Drive, 9, EV 96.2 MPH)
Batting: RHB Bill Benson 0-0: Fly out, F3 (Popup, 3SF, EV 71.2 MPH)
Batting: RHB Jesús Martínez 0-0: Called Strike
0-1: Ball
1-1: Foul Ball, location: 2F
1-2: Ground out 4-3 (Groundball, 4, EV 89.4 MPH)
Bottom of the 6th over - 0 runs, 0 hits, 0 errors, 0 left on base; Flint 3 - Maine 3
TOP OF THE 7TH
Flint Crush batting - Pitching for Maine Sea Dogs : LHP Carlos Maldonado
Batting: LHB Pedro González 0-0: Called Strike
0-1: Swinging Strike
0-2: Ball
1-2: Strikes out swinging
Batting: RHB Jesús Rivera 0-0: Called Strike
0-1: Ball
1-1: Swinging Strike
1-2: SINGLE (Groundball, 23, EV 68.1 MPH) (infield hit)
Batting: RHB Eugene Murphy 0-0: Ball
1-0: Called Strike
1-1: Foul Ball, location: 2F
1-2: Strikes out looking
Batting: LHB Guillermo Pacheco 0-0: Called Strike
0-1: Ball
1-1: Swinging Strike
1-2: Foul Ball, location: 2F
1-2: Foul Ball, location: 2F
1-2: Ball
2-2: Foul Ball, location: 2F
2-2: Foul Ball, location: 2F
2-2: Strikes out swinging
Top of the 7th over - 0 runs, 1 hit, 0 errors, 1 left on base; Flint 3 - Maine 3
BOTTOM OF THE 7TH
Maine Sea Dogs batting - Pitching for Flint Crush : RHP Jorge Madrigal
Batting: RHB Hokusai Suzuki 0-0: Foul Ball, location: 2F
0-1: SINGLE (Groundball, 6D, EV 103.1 MPH)
Batting: RHB Su-shun Hung 0-0: Foul Ball, location: 2F
0-1: Foul Ball, location: 2F
0-2: Ball
1-2: Fielders Choice at 2nd, 1-6 (Groundball, 34S, EV 69.4 MPH)
Batting: RHB José Estevo 0-0: Ball
1-0: Ball
2-0: Called Strike
2-1: Called Strike
2-2: Ball
3-2: Foul Ball, location: 2F
3-2: Base on Balls
Su-shun Hung to second
Pitching: LHP Juan Alvarado
Batting: RHB Albert Cruz 0-0: Called Strike
0-1: Called Strike
0-2: Ball
1-2: Strikes out swinging
Batting: RHB Carlos Serrano 0-0: Ball
1-0: Fly out, F8 (Flyball, 89S, EV 94.4 MPH)
Bottom of the 7th over - 0 runs, 1 hit, 0 errors, 2 left on base; Flint 3 - Maine 3
TOP OF THE 8TH
Flint Crush batting - Pitching for Maine Sea Dogs : LHP Carlos Maldonado
Batting: RHB Grady Livingston 0-0: Ball
1-0: Fly out, F7 (Flyball, 7LS, EV 88.8 MPH)
Batting: LHB Harry Kelly 0-0: Ball
1-0: Fly out, F9 (Line Drive, 89D, EV 101.2 MPH)
Batting: RHB Raúl Ayala 0-0: Fly out, F7 (Line Drive, 78S, EV 95.6 MPH)
Top of the 8th over - 0 runs, 0 hits, 0 errors, 0 left on base; Flint 3 - Maine 3
BOTTOM OF THE 8TH
Maine Sea Dogs batting - Pitching for Flint Crush : LHP Juan Alvarado
Batting: RHB Amberlan Daquigan 0-0: Ball
1-0: Ball
2-0: Ball
3-0: Fly out, F8 (Flyball, 8LD, EV 89.4 MPH)
Batting: RHB Lex Munten 0-0: Ground out 5-3 (Groundball, 56, EV 85.6 MPH)
Batting: RHB Bill Benson 0-0: Ball
1-0: Ball
2-0: Foul Ball, location: 2F
2-1: Foul Ball, location: 2F
2-2: Strikes out swinging
Bottom of the 8th over - 0 runs, 0 hits, 0 errors, 0 left on base; Flint 3 - Maine 3
TOP OF THE 9TH
Flint Crush batting - Pitching for Maine Sea Dogs : LHP Carlos Maldonado
Batting: LHB Alfonso Coronado 0-0: Ball
1-0: Called Strike
1-1: Foul Ball, location: 2F
1-2: Ball
2-2: Ground out 2-3 (Groundball, 15S, EV 63.1 MPH)
Batting: RHB Brandon Norris 0-0: Swinging Strike
0-1: Foul Ball, location: 2F
0-2: Foul Ball, location: 2F
0-2: Ball
1-2: Strikes out swinging
Pinch Hitting: LHB Travis Williams 0-0: Ball
1-0: Swinging Strike
1-1: Ball
2-1: Foul Ball, location: 2F
2-2: Ball
3-2: Ground out 6-3 (Groundball, 6, EV 91.9 MPH)
Top of the 9th over - 0 runs, 0 hits, 0 errors, 0 left on base; Flint 3 - Maine 3
BOTTOM OF THE 9TH
Maine Sea Dogs batting - Pitching for Flint Crush : LHP Juan Alvarado
Pitching: LHP Serafino Ordaz
Now in RF: Travis Williams
Batting: RHB Jesús Martínez 0-0: Ground out 5-3 (Groundball, 5, EV 83.8 MPH)
Batting: RHB Hokusai Suzuki 0-0: Called Strike
0-1: Fly out, F8 (Flyball, 78D, EV 110.6 MPH)
Batting: RHB Su-shun Hung 0-0: SINGLE (Groundball, 6M, EV 100.6 MPH)
Batting: RHB José Estevo 0-0: Swinging Strike
0-1: Ball
1-1: Hit by Pitch
Su-shun Hung to second
Batting: RHB Albert Cruz 0-0: Ground out 4-3 (Groundball, 4, EV 103.1 MPH)
Bottom of the 9th over - 0 runs, 1 hit, 0 errors, 2 left on base; Flint 3 - Maine 3
TOP OF THE 10TH
Flint Crush batting - Pitching for Maine Sea Dogs : LHP Carlos Maldonado
Pitching: RHP Wes Bailey
Batting: RHB Jesús Rivera 0-0: Ball
1-0: Called Strike
1-1: Called Strike
1-2: Ground out 5-3 (Groundball, 56S, EV 87.5 MPH)
Batting: RHB Eugene Murphy 0-0: Foul Ball, location: 2F
0-1: Foul Ball, location: 2F
0-2: Foul Ball, location: 2F
0-2: Ball
1-2: Fly out, F9 (Flyball, 89M, EV 82.5 MPH)
Batting: LHB Guillermo Pacheco 0-0: Ball
1-0: Ball
2-0: Fly out, F7 (Line Drive, 7S, EV 100.0 MPH)
Top of the 10th over - 0 runs, 0 hits, 0 errors, 0 left on base; Flint 3 - Maine 3
BOTTOM OF THE 10TH
Maine Sea Dogs batting - Pitching for Flint Crush : LHP Serafino Ordaz
Batting: RHB Carlos Serrano 0-0: Swinging Strike
0-1: Ball
1-1: Foul Ball, location: 2F
1-2: Ball
2-2: Foul Ball, location: 2F
2-2: Strikes out swinging
Batting: RHB Amberlan Daquigan 0-0: Ball
1-0: Ball
2-0: SINGLE (Groundball, 4MD, EV 98.1 MPH)
Batting: RHB Lex Munten 0-0: Foul Ball, location: 2F
0-1: Foul Ball, location: 2F
0-2: Ball
1-2: Strikes out swinging
Batting: RHB Bill Benson 0-0: Ball
1-0: Ball
2-0: Swinging Strike
2-1: Ball
3-1: Called Strike
3-2: Foul Ball, location: 2F
3-2: Foul Ball, location: 2F
3-2: Base on Balls
Amberlan Daquigan to second
Batting: RHB Jesús Martínez 0-0: SINGLE (Line Drive, 8RS, EV 98.1 MPH)
Amberlan Daquigan to third
Bill Benson to second
Runner from 3rd tries for Home, SAFE, throw by CF to home
Bottom of the 10th over - 1 run, 2 hits, 0 errors, 2 left on base; Flint 3 - Maine 4
Friday, March 31st , 2023 - OOTP Baseball 23.10 Build 110